Map: 뉴커크 재개발 지구 - 토너먼트 (공허의 유산)

Players

Impact

  • Race: Zerg Zerg
  • Spawn Location: 7:00

losira - Winner!

  • Race: Zerg Zerg
  • Spawn Location: 5:00

Event: IEM XI Katowice - World Championship 2017

VOD

Have the link to the VOD?

Description

Time

  • Played on: Feb. 28, 2017, 7:10 a.m.
  • Length: 9:25

All games in this series

Show
View Real Time Build Order
Export as new Build Order

Impact Zerg 

Build Orders: Pool First 

Get SALT Encoding   

  12  0:00  Drone  
  13  0:13  Overlord  
  13  0:18  Drone  
  14  0:31  Drone x2  
  16  0:36  Drone  
  17  0:45  Extractor  
  17  0:46  Spawning Pool  
  15  0:50  Drone  
  15  0:56  Drone  
  17  1:08  Drone  
  18  1:20  Hatchery  
  18  1:24  Drone  
  18  1:33  Zergling x2  
  18  1:39  Queen  
  21  1:45  Drone  
  22  1:51  Metabolic Boost  
  22  1:56  Overlord  
  22  2:05  Baneling Nest  
  22  2:08  Drone  
  22  2:17  Queen  
  22  2:21  Drone  
  25  2:27  Drone  
  26  2:33  Drone  
  26  2:35  Drone  
  28  2:44  Drone  
  28  2:47  Zergling x8  
  28  2:50  Baneling x2  
  33  2:53  Zergling x2  
  34  2:59  Overlord  
  34  3:08  Zergling x2, Drone  
  36  3:18  Drone  
  36  3:19  Drone x4  
  41  3:25  Drone  
  42  3:28  Baneling x2  
  42  3:32  Overlord  
  37  3:36  Zergling x4  
  37  3:40  Zergling x4  
  40  3:42  Lair  
  40  3:47  Overlord  
  40  3:53  Drone x3  
  42  4:00  Zergling x2  
  42  4:02  Extractor, Drone  
  43  4:03  Extractor, Drone  
  43  4:05  Drone  
  43  4:08  Drone  
  43  4:09  Drone  
  46  4:11  Extractor  
  46  4:15  Overlord, Drone  
  45  4:33  Baneling x2  
  45  4:34  Drone x2  
  45  4:37  Drone x4  
  51  4:43  Spire, Zergling x6  
  51  4:47  Zergling x2  
  51  4:52  Zergling x2, Baneling  
  53  4:57  Zergling x4  
  53  4:58  Zergling x2  
  53  4:59  Spine Crawler  
  55  5:01  Baneling x2  
  53  5:08  Baneling  
  53  5:15  Baneling  
  53  5:16  Baneling  
  53  5:19  Baneling  
  53  5:20  Drone x4  
  53  5:21  Drone x3  
  47  5:30  Drone  
  47  5:31  Drone  
  49  5:41  Zergling x2  
  50  5:44  Spine Crawler  
  50  5:46  Drone  
  50  5:48  Hatchery  
  49  5:51  Spine Crawler  
  49  5:56  Mutalisk x2  
  49  6:01  Mutalisk  
  51  6:06  Overlord  
  51  6:07  Overseer  
  51  6:13  Zerg Flyer Weapons Level 1, Drone  
  51  6:23  Drone  
  52  6:27  Mutalisk x2  
  52  6:29  Drone x3  
  52  6:32  Baneling  
  58  6:34  Drone  
  58  6:37  Overlord  
  59  6:53  Overlord  
  59  6:56  Mutalisk x3, Drone  
  59  6:59  Queen  
  68  7:01  Mutalisk  
  68  7:05  Mutalisk  
  72  7:11  Overlord  
  72  7:15  Overlord  
  72  7:16  Mutalisk  
  72  7:19  Mutalisk  
  72  7:22  Drone  
  76  7:24  Drone  
  76  7:26  Mutalisk  
  76  7:29  Mutalisk  
  81  7:36  Mutalisk  
  81  7:41  Zergling x4  
  85  7:45  Mutalisk  
  85  7:47  Zergling x2  
  85  7:48  Zergling x2  
  89  7:52  Zergling x10  
  89  7:57  Mutalisk  
  88  7:59  Zergling x4  
  80  8:08  Zergling x2  
  80  8:11  Mutalisk  
  73  8:16  Zergling x2  
  73  8:18  Zergling x8  
  71  8:21  Zergling x2  
  71  8:25  Zergling x6  
  70  8:29  Mutalisk  
  70  8:31  Drone  
  72  8:39  Drone  
  72  8:42  Mutalisk  
  72  8:45  Queen  
  72  8:47  Drone  
  72  8:48  Drone  
  78  8:54  Mutalisk  
  80  8:56  Baneling x2  
  80  8:58  Zergling x2  
  80  9:02  Zergling x2  
Show
View Real Time Build Order
Export as new Build Order

losira Zerg - Winner!

Build Orders: Hatch First 

Get SALT Encoding   

  12  0:00  Drone  
  13  0:09  Drone  
  14  0:15  Extractor, Drone  
  15  0:23  Overlord  
  15  0:45  Hatchery  
  15  0:49  Drone  
  15  0:52  Drone  
  17  0:57  Drone  
  17  1:00  Drone  
  18  1:04  Extractor  
  17  1:17  Spawning Pool  
  16  1:21  Drone  
  16  1:23  Drone  
  18  1:33  Drone  
  19  1:45  Drone  
  20  1:54  Drone  
  20  1:57  Drone  
  22  2:04  Queen x2  
  22  2:05  Metabolic Boost  
  26  2:09  Zergling x2  
  26  2:12  Zergling x2  
  28  2:19  Overlord  
  28  2:24  Baneling Nest  
  28  2:26  Drone  
  28  2:39  Zergling x6  
  28  2:40  Zergling x2  
  32  2:51  Zergling x2  
  33  2:52  Zergling x2  
  33  2:58  Overlord  
  34  3:09  Baneling x2  
  34  3:12  Drone x2  
  36  3:16  Queen  
  36  3:17  Overlord, Baneling  
  36  3:19  Baneling x2  
  37  3:20  Drone  
  37  3:25  Drone  
  37  3:26  Drone  
  40  3:30  Drone x2  
  41  3:35  Drone x2  
  41  3:40  Drone  
  43  3:43  Drone  
  43  3:45  Drone  
  43  3:47  Drone x2  
  46  3:50  Zergling x2  
  46  3:53  Zergling x2  
  46  3:57  Zergling x2, Evolution Chamber  
  46  3:58  Drone  
  46  4:02  Zergling x2  
  48  4:03  Zergling x2  
  48  4:09  Zergling x2  
  51  4:17  Zergling x2  
  51  4:21  Extractor  
  51  4:22  Zerg Ground Armor Level 1  
  50  4:24  Zergling x2  
  50  4:25  Hatchery  
  50  4:27  Zergling x2  
  50  4:30  Zergling x2  
  53  4:32  Hatchery, Overlord  
  53  4:37  Overlord  
  52  4:42  Overlord  
  51  4:50  Drone  
  51  4:51  Baneling x2  
  52  4:53  Drone x4  
  52  4:54  Zergling x2, Extractor  
  52  4:55  Zergling x2  
  52  4:56  Drone  
  58  5:00  Drone  
  58  5:01  Baneling x2  
  58  5:04  Baneling x2  
  57  5:10  Drone  
  57  5:12  Zergling x2  
  57  5:13  Drone  
  56  5:16  Zergling x2  
  56  5:19  Zergling x2  
  56  5:21  Zergling x2  
  56  5:23  Zergling x2  
  56  5:24  Zergling x4  
  59  5:33  Lair, Zergling x2  
  59  5:35  Zergling x2  
  61  5:37  Roach Warren  
  60  5:44  Zergling x2  
  60  5:45  Zergling x4  
  60  5:46  Baneling  
  60  5:49  Queen, Extractor, Drone x2  
  66  5:51  Drone  
  66  5:53  Baneling x2  
  66  5:54  Overlord, Drone x2  
  66  5:55  Drone  
  66  5:56  Drone  
  68  5:58  Drone  
  64  6:06  Drone  
  64  6:08  Drone  
  64  6:09  Zergling x2  
  67  6:12  Queen  
  67  6:16  Zergling x4  
  67  6:17  Baneling  
  70  6:20  Zerg Melee Weapons Level 1, Zergling x2  
  70  6:22  Drone  
  70  6:23  Zergling x2  
  70  6:24  Zergling x2  
  70  6:25  Queen  
  75  6:26  Unknown  
  75  6:27  Spore Crawler  
  75  6:30  Zergling x4  
  74  6:35  Spore Crawler  
  74  6:36  Zergling x2  
  74  6:38  Spore Crawler  
  73  6:43  Zergling x2, Nydus Network  
  73  6:45  Zergling x2  
  73  6:46  Zergling x2  
  75  6:47  Queen  
  75  6:49  Overlord  
  75  6:53  Queen  
  79  6:55  Zergling x2  
  79  6:57  Overlord  
  79  6:59  Zergling x2  
  79  7:00  Zergling x2  
  82  7:04  Queen  
  84  7:19  Nydus Canal  
  84  7:20  Baneling x9  
  84  7:23  Queen  
  84  7:27  Zergling x2  
  84  7:28  Zergling x6  
  84  7:29  Zergling x4  
  92  7:34  Queen  
  92  7:36  Baneling x4  
  94  7:39  Zergling x2, Queen  
  94  7:41  Zergling x2  
  94  7:43  Zergling x2  
  95  7:45  Zergling x2, Unknown  
  95  7:46  Zergling x2  
  95  7:47  Zergling x2  
  95  7:49  Zergling x2  
  95  7:50  Zergling x2  
  98  7:51  Zergling x2  
  98  7:52  Zergling x2  
  98  7:57  Zergling x2  
  92  8:02  Zergling x2  
  92  8:05  Zergling x2  
  85  8:07  Queen  
  85  8:10  Zergling x4, Queen  
  85  8:11  Zergling x4  
  91  8:13  Zergling x4  
  91  8:14  Zergling x2  
  91  8:15  Zergling x2  
  91  8:16  Zergling x2  
  91  8:19  Infestation Pit  
  84  8:21  Zergling x4  
  81  8:29  Spore Crawler  
  81  8:30  Queen  
  81  8:32  Spore Crawler  
  81  8:33  Drone  
  78  8:35  Spore Crawler  
  78  8:37  Spore Crawler, Drone  
  78  8:38  Drone  
  78  8:44  Drone  
  78  8:45  Queen  
  81  8:53  Overlord  
  81  8:55  Drone x3  
  81  8:56  Drone  
  85  9:21  Unknown  

Tags
 
Add a new tag
Caveats
  • Supply blocks, unpowered buildings, or Contaminate may cause inaccurate times.
  • Supply counts are checked every 10 seconds.